 Dungeon Crawl Stone Soup version 0.30-b1-2-g02819fbbbe (webtiles) character file.

Game seed: 1327782757258234126

27 Arcadio the Twirler (level 2, 15/26 HPs)
             Began as a Minotaur Gladiator on May 8, 2023.
             Quit the game on level 2 of the Dungeon.
             The game lasted 00:01:36 (930 turns).

Arcadio the Twirler (Minotaur Gladiator)             Turns: 930, Time: 00:01:37

Health: 15/26      AC:  3    Str: 18    XL:     2   Next: 93%
Magic:  1/1        EV: 12    Int:  5    God:
Gold:   73         SH:  0    Dex: 11    Spells: 1/1 levels left

rFire   . . .        a - +0 quarterstaff
rCold   . . .        (shield currently unavailable)
rNeg    . . .        b - +0 leather armour
rPois   .            c - +0 hat
rElec   .            (no cloak)
rCorr   .            (no gloves)
SInv    .            (no boots)
Will    .....        l - amulet of magic regeneration
Stlth   +            (no ring)
HPRegen 0.24/turn    (no ring)
MPRegen 0.47/turn

%: no passive effects
@: no status effects
A: horns 2, retaliatory headbutt
a: no special abilities


You were on level 2 of the Dungeon.
You visited 1 branch of the dungeon, and saw 2 of its levels.

You collected 73 gold pieces.

Inventory:

Hand Weapons
 a - a +0 quarterstaff (weapon)
Missiles
 d - 4 throwing nets (quivered)
 e - a javelin
Armour
 b - a +0 leather armour (worn)
 c - a +0 hat (worn)
Jewellery
 l - an amulet of magic regeneration (around neck)
Scrolls
 f - a scroll of torment
 m - a scroll of blinking {unknown}
 r - a scroll of identify
Potions
 h - 2 potions of curing
 i - a potion of haste {unknown}
 j - a potion of resistance {unknown}
 k - a potion of heal wounds {unknown}


   Skills:
 + Level 3.1 Fighting
 + Level 4.1 Staves
 - Level 2.0 Throwing
 + Level 1.6 Armour
 - Level 3.2 Dodging


You had one spell level left.
You didn't know any spells.
Your spell library contained the following spells:

 Spells                   Type           Power      Damage    Failure   Level
 Magic Dart               Conj           0%         1d3       54%         1
 Searing Ray              Conj           0%         2d4       67%         2
 Vhi's Electric Charge    Tloc/Air       0%         N/A       88%         3
 Fulminant Prism          Conj/Hex       0%         3d5       99%         4
 Arcjolt                  Conj/Air       0%         1d10      100%        5
 Maxwell's Capacitive Co  Air            0%         ∞         100%        8


Dungeon Overview and Level Annotations

Branches:
Dungeon (2/15) Zot: 11066

Altars:


Innate Abilities, Weirdness & Mutations

You have a pair of horns on your head.
You reflexively headbutt those who attack you in melee.


Message History

You see here a ball python corpse.
You see here a ball python corpse.
You now have 60 gold pieces (gained 14).
An endoplasm comes into view.
The endoplasm quivers.
The endoplasm freezes you.
You are frozen.
You hit the endoplasm. You headbutt the endoplasm.
You kill the endoplasm!
You see here a +0 whip.
You now have 73 gold pieces (gained 13).
A frilled lizard comes into view.
The frilled lizard hisses angrily.
The frilled lizard bites you but does no damage.
You closely miss the frilled lizard. You headbutt the frilled lizard.
You kill the frilled lizard!
You see here a rat corpse.
There is an open door here.
You open the door.
There is an open door here.
There is an open door here.
There is an open door here.
You see here a frilled lizard corpse.
There is an open door here.
There is an open door here.
m - a scroll labelled DOTUKO KUNISEO Done exploring.
Done exploring.
(D) Dungeon
Where to? (? - help)
There is a stone staircase leading down here.
You climb downwards.
There is a stone staircase leading up here.
As you read the scroll labelled YDOFEU LEYLY, it crumbles to dust.
Your body is wracked with pain!
It was a scroll of torment.
As you read the scroll labelled POYKAEXT HOYRCH, it crumbles to dust.
It is a scroll of identify.
h - 2 potions of curing;
r - a scroll of identify
Okay, then.
Are you sure you want to abandon this character and quit the game? (Confirm with "yes".)

... #.#
..# #.#
###
#.....#.#
#.#....
#...#
#@..#
#...#....#
###.# ##.#
..# ♣♣#


There were no monsters in sight!

Vanquished Creatures
  A dart slug (D:1)
  5 ball pythons (D:1)
  5 endoplasms (D:1)
  A giant cockroach (D:1)
  A goblin (D:1)
  A hobgoblin (D:1)
  2 jackals (D:1)
  2 bats (D:1)
  2 frilled lizards (D:1)
  2 kobolds (D:1)
  2 rats (D:1)
24 creatures vanquished.

Notes
Turn   | Place    | Note
-------+----------+-------------------------------------------
     0 | D:1      | Arcadio the Minotaur Gladiator began the quest for the Orb.
     0 | D:1      | Reached XP level 1. HP: 18/18 MP: 0/0
   315 | D:1      | Reached skill level 1 in Armour
   331 | D:1      | Reached XP level 2. HP: 25/25 MP: 1/1
   391 | D:1      | Reached skill level 4 in Staves
   930 | D:2      | Quit the game

Illustrated notes

Levels and vault maps discovered:
D:1:      onia_arrival_pentagram, layout_loops_corners
D:2:      layout_basic, serial_shops, nicolae_diamond_shop,
          serial_bayou_lagoon_b

Skill      XL: |  1  2 |
---------------+-------+-----
Armour         | 1 |  1.6
Staves         | 4 |  4.1
Fighting       | 3 |  3.1
Throwing       | |  2.0
Dodging        | |  3.2

Action                     || total
---------------------------++-------
  Melee: Quarterstaff      ||    36
         Headbutt          ||     7
    Use: Scroll            ||     2
 Armour: Leather armour    ||     7
  Dodge: Dodged            ||    31
